 Dungeon Crawl Stone Soup version 0.31-a0-265-gcf7e37af1d (webtiles) character file.

Game seed: 556749390917929811

140 qw the Shooter (level 5, -3/41 HPs)
             Began as a Minotaur Hexslinger on July 13, 2023.
             Slain by an iguana (9 damage)
             ... on level 5 of the Dungeon.
             The game lasted 00:00:40 (1707 turns).

qw the Shooter (Minotaur Hexslinger)                Turns: 1707, Time: 00:00:41

Health: -3/41      AC: 13    Str: 13    XL:     5   Next: 2%
Magic:  5/5        EV: 11    Int: 10    God:
Gold:   193        SH:  0    Dex: 14    Spells: 5/6 levels left

rFire   . . .        Y - +1 sling (flame)
rCold   . . .        (no shield)
rNeg    . . .        i - +8 ring mail of Gestures {Fly}
rPois   .            (helmet restricted)
rElec   .            (no cloak)
rCorr   .            (no gloves)
SInv    +            (no boots)
Will    .....        (no amulet)
Stlth   +            g - ring of see invisible
HPRegen 0.26/turn    (no ring)
MPRegen 0.09/turn

%: no passive effects
@: flying
A: horns 2, retaliatory headbutt
a: no special abilities


You were on level 5 of the Dungeon.
You visited 1 branch of the dungeon, and saw 5 of its levels.

You collected 193 gold pieces.


Innate Abilities, Weirdness & Mutations

You have a pair of horns on your head.
You reflexively headbutt those who attack you in melee.


   Skills:
 + Level 2.2 Fighting
 - Level 5.2 Ranged Weapons
 - Level 1.4 Armour
 - Level 2.1 Dodging
 - Level 1.0 Spellcasting
 - Level 2.0 Hexes


You had 5 spell levels left.
You knew the following spells:

 Your Spells              Type           Power      Damage    Failure   Level
a - Slow                  Hex            16%        N/A       32%         1

Your spell library contained the following spells:

 Spells                   Type           Power      Damage    Failure   Level
 Inner Flame              Hex/Fire       2%         N/A       82%         3
 Portal Projectile        Hex/Tloc       4%         N/A       82%         3
 Cause Fear               Hex            2%         N/A       97%         4

Inventory:

Hand Weapons
 Y - a +1 sling of flaming (weapon)
Armour
 i - the +8 ring mail of Gestures (worn) {Fly}
   (You found it on level 2 of the Dungeon)

   Fly:       It grants you flight.
Jewellery
 g - a ring of see invisible (left hand)
Wands
 f - a wand of digging (4)
Scrolls
 b - a scroll of identify
Potions
 a - a potion of might
 d - a potion of haste {unknown}
 e - a potion of curing {unknown}
 h - a potion of lignification {unknown}

Dungeon Overview and Level Annotations

Branches:
Dungeon (6/15)
 Temple: D:4-7

Altars:

Annotations:
D:5 Blork the orc


Message History

Enter note:
Enter note:
Enter note:
Enter note:
Enter note:
Enter note:
Enter note:
Enter note: Blork the orc begins to cast a cantrip, but forgets the words!
Blork the orc barely misses you.
Blork the orc points at you and mumbles some strange words.
The puff of flame misses you.
You shoot a sling bullet. The sling bullet hits Blork the orc.
The sling bullet burns Blork the orc.
Blork the orc is moderately wounded.
Blork the orc hits you from afar with a +1 glaive of freezing.
Blork the orc freezes you.
A scorpion comes into view.
Found an escape hatch in the floor.
Blork the orc screams, "I'll crush all your ribs!
One by one!"
The scorpion moves out of view.
Found a buckler.
A sourceless malevolence fills the Dungeon... and a teleportation trap spontaneously manifests!
You are yanked towards some nearby monsters!
Your surroundings suddenly seem different.
An iguana, 4 orcs and an orc priest come into view.
Found a stone and a helmet.
Found an escape hatch in the ceiling.
The iguana hisses angrily.
The orc shouts! x3; The orc priest shouts!
You shoot a sling bullet.
The sling bullet barely misses the iguana.
The iguana bites you.
The orc priest looks encouraged for a moment.
The orc hits you with a +0 mace. The iguana closely misses you.
You shoot a sling bullet.
The sling bullet hits the iguana but does no damage.
The orc hits you but does no damage. The iguana misses you.
You shoot a sling bullet.
The sling bullet barely misses the iguana.
The orc hits you with a +0 mace. The iguana bites you!
You die...

############
#..........#
#..........#
#..........###.
#............[.
#..(..ool...#
#.....o@...#
#....oo....#
#..........#
#...<......#
#..........#
############


You could see an iguana, an orc priest and 4 orcs.

Vanquished Creatures
  An orc priest (D:3)
  An iguana (D:6)
  3 adders
  A worm (D:2)
  3 orcs (D:3)
  A bat (D:1)
  5 endoplasms
  2 giant cockroaches
  4 hobgoblins
  9 jackals (D:1)
  5 kobolds
  2 quokkas
  5 ball pythons
  5 frilled lizards
  4 rats
51 creatures vanquished.

Notes
Turn   | Place    | Note
-------+----------+-------------------------------------------
     0 | D:1      | qw the Minotaur Hexslinger began the quest for the Orb.
     0 | D:1      | Reached XP level 1. HP: 16/16 MP: 1/1
     0 | D:1      | 0 ||| qw: Version: 0.3-a-52-g30416fa
     0 | D:1      | 0 ||| qw: Game counter: 7601
     0 | D:1      | 0 ||| qw: Melee chars always use a shield: true
     0 | D:1      | 0 ||| qw: God list: Okawaru
     0 | D:1      | 0 ||| qw: Allow faded altars: false
     0 | D:1      | 0 ||| qw: Do Orc after clearing Dungeon:15 true
     0 | D:1      | 0 ||| qw: Do second Lair branch before Depths: true
     0 | D:1      | 0 ||| qw: Lair rune preference: random
     0 | D:1      | 0 ||| qw: Goals: Normal
     0 | D:1      | 0 ||| PLANNING D:1-11
   108 | D:1      | Reached skill level 3 in Ranged Weapons
   108 | D:1      | Reached XP level 2. HP: 23/23 MP: 2/2
   326 | D:1      | Reached XP level 3. HP: 19/29 MP: 3/3
   567 | D:1      | 567 ||| UPGRADING to +0 ring mail.
   577 | D:1      | 577 ||| DROPPING +0 robe.
   578 | D:1      | 578 ||| UPGRADING to ring of see invisible.
   579 | D:1      | 579 ||| READING scroll labelled ODEIWY DUEZYEQ.
   580 | D:1      | 580 ||| READING scroll labelled URUMIUKKAR.
   581 | D:1      | 581 ||| DROPPING scroll of poison.
   956 | D:2      | Reached skill level 4 in Ranged Weapons
   964 | D:2      | Identified the +8 ring mail of Gestures {Fly}
  1377 | D:2      | 1377 ||| UPGRADING to +8 ring mail of Gestures {Fly}.
  1387 | D:2      | 1387 ||| DROPPING +0 ring mail.
  1388 | D:2      | 1388 ||| DROPPING ring of magical power.
  1389 | D:2      | 1389 ||| READING scroll labelled YCSIEDD QEOW.
  1432 | D:3      | Reached skill level 1 in Armour
  1462 | D:3      | Reached XP level 4. HP: 36/36 MP: 4/4
  1533 | D:3      | You are sucked into a shaft and drop 3 floors!
  1552 | D:6      | Reached skill level 5 in Ranged Weapons
  1575 | D:6      | Reached XP level 5. HP: 19/41 MP: 5/5
  1676 | D:6      | 1676 ||| READING scroll labelled ILOSUYRAOS.
  1677 | D:6      | 1677 ||| READING 2 scrolls of identify.
  1677 | D:6      | 1677 ||| IDENTIFYING fuming purple potion
  1684 | D:5      | Entered Level 5 of the Dungeon
  1684 | D:5      | Noticed Blork the orc
  1705 | D:5      | HP: 7/41 [orc/+0 mace (4)]
  1707 | D:5      | Slain by an iguana

Levels and vault maps discovered:
D:1:      sevenhm_arrival_forest_fort_large_2, layout_rooms
D:2:      layout_basic, minmay_misc_feat_roman
D:3:      layout_rooms
D:5:      layout_rooms, mainiacjoe_overflow_brackets,
          nicolae_tso_carved_into_rock, minmay_temple_entry_glassed_door,
          uniq_blork_the_orc, uniq_eustachio, uniq_prince_ribbit1, uniq_duvessa,
          uniq_menkaure
D:6:      layout_loops_ring, grunt_ministairs_10, minmay_between

Skill      XL: |  1  2  3  4 |
---------------+-------------+-----
Ranged Weapons | 3 4 5 |  5.2
Fighting       | 2 |  2.2
Armour         | 1 |  1.4
Dodging        | |  2.1
Spellcasting   | |  1.0
Hexes          | |  2.0

Action                     |  1- 3 |  4- 6 || total
---------------------------+-------+-------++-------
   Fire: Sling             |   110 |    34 ||   144
    Use: Scroll            |     3 |     2 ||     5
 Armour: Robe              |     5 |       ||     5
         Ring mail         |     4 |    11 ||    15
  Dodge: Dodged            |    26 |    17 ||    43

Table legend:
 A = Non-vault XP
 B = Vault XP
 C = Vault XP percentage of total XP
 D = Non-vault monster count
 E = Vault monster count
 F = Vault count percentage of total count
                 A         B        C        D         E       F
            +---------+---------+-------+---------+---------+-------
      Total |     201 |       0 |   0.0 |      51 |       0 |   0.0
            +---------+---------+-------+---------+---------+-------
        D:1 |      49 |       0 |   0.0 |      30 |       0 |   0.0
        D:2 |      30 |       0 |   0.0 |       9 |       0 |   0.0
        D:3 |      72 |       0 |   0.0 |      10 |       0 |   0.0
        D:6 |      50 |       0 |   0.0 |       2 |       0 |   0.0
            +---------+---------+-------+---------+---------+-------
